 Dungeon Crawl Stone Soup version 0.27-a0-1177-g245c70e1c0 (webtiles) character file.

Game seed: 11188605005486025120

345 Zonian the Conjurer (level 6, -8/44 HPs)
             Began as a Gnoll Conjurer on May 16, 2021.
             Mangled by a mummy (9 damage)
             ... in an ossuary.
             The game lasted 00:06:44 (4748 turns).

Zonian the Conjurer (Gnoll Conjurer)                Turns: 4748, Time: 00:06:45

Health: -8/44      AC:  5    Str:  6    XL:     6   Next: 58%
Magic:  13/23      EV: 12    Int: 19    God:
Gold:   126        SH:  0    Dex: 11    Spells: 12/15 levels left

rFire    . . .     SeeInvis .   e - +1 dagger
rCold    . . .     Faith    .   (no shield)
rNeg     . . .     Spirit   .   b - +0 leather armour
rPois    .         Reflect  .   n - +0 helmet
rElec    .         Harm     .   (no cloak)
rCorr    .         Rampage  .   f - +0 pair of gloves
Will     .....                  (no boots)
Stlth    ++........             (no amulet)
HPRegen  0.14/turn              d - ring of magical power
MPRegen  0.18/turn              (no ring)

@: no status effects
A: fangs 1, strong nose, distributed training
a: no special abilities


You were in an ossuary.
You visited 1 branch of the dungeon, and saw 4 of its levels.
You also visited: Ossuary.

You collected 126 gold pieces.

Inventory:

Hand Weapons
 e - a +1 dagger (weapon)
 i - a +0 hand axe
Armour
 a - a +0 robe
 b - a +0 leather armour (worn)
 f - a +0 pair of gloves (worn)
 j - a +0 scale mail
 n - a +0 helmet (worn)
 o - a +0 animal skin
Jewellery
 d - a ring of magical power (left hand)
Scrolls
 c - a scroll of torment
 h - 2 scrolls of teleportation
 r - 2 scrolls of enchant weapon
Potions
 g - a potion of magic
 k - a potion of attraction
 l - a potion of berserk rage {unknown}
 m - a potion of degeneration
 p - a potion of might
 q - 2 potions of curing {unknown}


   Skills:
 + Level 2.0 Fighting
 + Level 2.0 Short Blades
 + Level 2.0 Long Blades
 + Level 2.0 Axes
 + Level 2.0 Maces & Flails
 + Level 2.0 Polearms
 + Level 2.0 Staves
 + Level 2.0 Slings
 + Level 2.0 Bows
 + Level 2.0 Crossbows
 + Level 2.0 Throwing
 + Level 2.0 Armour
 + Level 5.0 Dodging
 + Level 4.6 Stealth
 + Level 2.0 Shields
 + Level 2.0 Unarmed Combat
 + Level 5.4 Spellcasting
 + Level 7.3 Conjurations
 + Level 1.6 Hexes
 + Level 1.6 Summonings
 + Level 1.6 Necromancy
 + Level 1.6 Translocations
 + Level 1.6 Transmutations
 + Level 1.6 Fire Magic
 + Level 1.6 Ice Magic
 + Level 1.6 Air Magic
 + Level 1.6 Earth Magic
 + Level 1.6 Poison Magic
 + Level 2.2 Invocations
 + Level 2.0 Evocations


You had 12 spell levels left.
You knew the following spells:

 Your Spells              Type           Power      Damage    Failure   Level
a - Magic Dart            Conj           100%       1d8       1%          1
b - Searing Ray           Conj           64%        3d5       1%          2

Your spell library contained the following spells:

 Spells                   Type           Power      Damage    Failure   Level
 Dazzling Flash           Conj/Hex       44%        N/A       9%          3
 Fulminant Prism          Conj/Hex       11%        3d9       28%         4
 Iskenderun's Mystic Bla  Conj/Tloc      22%        2d6       28%         4


Dungeon Overview and Level Annotations

Branches:
Dungeon (4/15)            Ossuary (1/1)
 Temple: D:4-7

Altars:
Elyvilon


Innate Abilities, Weirdness & Mutations

You have very sharp teeth.
Your uncanny sense of smell can sniff out nearby items.
Your experience applies equally to all skills.


Message History

Unknown command.
The magic dart hits the mummy.
The mummy is lightly damaged.
The magic dart hits the mummy.
The mummy is moderately damaged.
The magic dart hits the mummy.
The mummy is heavily damaged.
The magic dart hits the mummy but does no damage.
The mummy is heavily damaged.
The magic dart hits the mummy.
The mummy is almost destroyed.
The mummy barely misses you. The mummy hits you but does no damage.
The magic dart hits the mummy.
The mummy is almost destroyed.
The mummy barely misses you.
Casting: Magic Dart (safe; 1% risk of failure)
Confirm with . or Enter, or press ? or * to list all spells.
Aiming: Searing Ray (safe; 1% risk of failure)
Press: ? - help, Shift-Dir - straight line, f/p - mummy
Aim: a mummy (almost destroyed, 91% to hit)
The searing ray hits the mummy!
You destroy the mummy! (Press . to maintain the ray.)
The mummy hits you!
* * * LOW HITPOINT WARNING * * *
The mummy hits you!
* * * LOW HITPOINT WARNING * * *
Okay, then.
Casting: Searing Ray (safe; 1% risk of failure)
Confirm with . or Enter, or press ? or * to list all spells.
Aiming: Searing Ray (safe; 1% risk of failure)
Press: ? - help, Shift-Dir - straight line, f - mummy
Aim: a mummy (91% to hit)
The searing ray hits the mummy!
The mummy is moderately damaged. (Press . to maintain the ray.)
The searing ray hits the mummy.
The mummy is heavily damaged.
The mummy closely misses you. The mummy hits you!
You die...

###
#..######
##......#
#..M@.∩.+
##.M....#
#..######
###


You could see 2 mummies.

Vanquished Creatures
  An ogre (D:4)
  Jessica (D:2)
  Natasha (thrice) (D:3)
  A mummy (Ossuary)
  Robin (D:2)
  6 adders
  2 worms (D:2)
  A dart slug (D:2)
  4 orcs
  2 ball pythons (D:1)
  8 bats
  5 endoplasms
  A giant cockroach (D:2)
  8 goblins
  9 hobgoblins
  8 jackals
  3 quokkas
  3 frilled lizards
  6 kobolds
  2 orc skeletons (D:4)
  An orc zombie (D:4)
  2 rats (D:2)
78 creatures vanquished.

Vanquished Creatures (others)
  2 plants (D:4)
2 creatures vanquished.

Grand Total: 80 creatures vanquished

Notes
Turn   | Place    | Note
-------+----------+-------------------------------------------
     0 | D:1      | Zonian the Gnoll Conjurer began the quest for the Orb.
     0 | D:1      | Reached XP level 1. HP: 13/13 MP: 6/6
   402 | D:1      | Found a faded altar of an unknown god.
   566 | D:1      | Reached XP level 2. HP: 19/19 MP: 7/7
  1178 | D:1      | Reached XP level 3. HP: 25/25 MP: 9/9
  1494 | D:2      | Reached skill level 5 in Spellcasting
  1507 | D:2      | Found a white marble altar of Elyvilon.
  1654 | D:2      | Noticed Jessica
  1838 | D:2      | Noticed Robin
  1864 | D:2      | Killed Robin
  1865 | D:2      | Reached skill level 1 in Invocations
  1978 | D:2      | Killed Jessica
  1979 | D:2      | Reached skill level 1 in Fighting
  1979 | D:2      | Reached skill level 1 in Short Blades
  1979 | D:2      | Reached skill level 1 in Long Blades
  1979 | D:2      | Reached skill level 1 in Axes
  1979 | D:2      | Reached skill level 1 in Maces & Flails
  1979 | D:2      | Reached skill level 1 in Polearms
  1979 | D:2      | Reached skill level 1 in Staves
  1979 | D:2      | Reached skill level 1 in Slings
  1979 | D:2      | Reached skill level 1 in Bows
  1979 | D:2      | Reached skill level 1 in Crossbows
  1979 | D:2      | Reached skill level 1 in Throwing
  1979 | D:2      | Reached skill level 1 in Armour
  1979 | D:2      | Reached skill level 1 in Shields
  1979 | D:2      | Reached skill level 1 in Unarmed Combat
  1979 | D:2      | Reached skill level 1 in Evocations
  1979 | D:2      | Reached XP level 4. HP: 29/32 MP: 11/11
  1982 | D:2      | Learned a level 2 spell: Searing Ray
  2591 | D:2      | Reached skill level 1 in Hexes
  2591 | D:2      | Reached skill level 1 in Summonings
  2591 | D:2      | Reached skill level 1 in Necromancy
  2591 | D:2      | Reached skill level 1 in Translocations
  2591 | D:2      | Reached skill level 1 in Transmutations
  2591 | D:2      | Reached skill level 1 in Fire Magic
  2591 | D:2      | Reached skill level 1 in Ice Magic
  2591 | D:2      | Reached skill level 1 in Air Magic
  2591 | D:2      | Reached skill level 1 in Earth Magic
  2591 | D:2      | Reached skill level 1 in Poison Magic
  3061 | D:3      | Reached XP level 5. HP: 37/37 MP: 12/12
  3334 | D:3      | Noticed Natasha
  3338 | D:3      | Killed Natasha
  3751 | D:3      | Noticed Natasha
  3782 | D:3      | Killed Natasha
  3953 | D:3      | Noticed Natasha
  3957 | D:3      | Killed Natasha
  4490 | D:4      | Reached XP level 6. HP: 31/44 MP: 13/13
  4690 | D:4      | Reached skill level 5 in Dodging
  4726 | D:4      | Found a sand-covered staircase.
  4739 | Ossuary  | Entered an ossuary
  4746 | Ossuary  | HP: 1/44 [mummy (11)]
  4748 | Ossuary  | Mangled by a mummy

Illustrated notes

Levels and vault maps discovered:
D:1:      dpeg_arrival_tiny_e, layout_basic, basic_ecumenical_altar,
          chequers_arboretum, grunt_decor_junction, minmay_misc_feat_alley,
          minmay_pentomino_o4
D:2:      layout_loops_corners, basic_altar, grunt_decor_resistance,
          uniq_jessica, uniq_robin
D:3:      layout_basic, uniq_natasha
D:4:      corexii_shack_village, layout_loops_ring, nzn_wu_jian_council_hall,
          nicolae_yredelemnul_corpse_copse, chequers_temple_overflow_minitemple,
          nicolae_ossuary_entry_catacombs, kennysheep_generic_room_15
Ossuary:  ossuary_minmay_chase

Skill      XL: |  1  2  3  4  5  6 |
---------------+-------------------+-----
Spellcasting   | 5 |  5.4
Invocations    | 1 2 |  2.2
Fighting       | 1 2 |  2.0
Short Blades   | 1 2 |  2.0
Long Blades    | 1 2 |  2.0
Axes           | 1 2 |  2.0
Maces & Flails | 1 2 |  2.0
Polearms       | 1 2 |  2.0
Staves         | 1 2 |  2.0
Slings         | 1 2 |  2.0
Bows           | 1 2 |  2.0
Crossbows      | 1 2 |  2.0
Throwing       | 1 2 |  2.0
Armour         | 1 2 |  2.0
Shields        | 1 2 |  2.0
Unarmed Combat | 1 2 |  2.0
Evocations     | 1 2 |  2.0
Hexes          | 1 |  1.6
Summonings     | 1 |  1.6
Necromancy     | 1 |  1.6
Translocations | 1 |  1.6
Transmutations | 1 |  1.6
Fire Magic     | 1 |  1.6
Ice Magic      | 1 |  1.6
Air Magic      | 1 |  1.6
Earth Magic    | 1 |  1.6
Poison Magic   | 1 |  1.6
Dodging        | 5 |  5.0
Stealth        | |  4.6
Conjurations   | |  7.3

Action                   |  1- 3 |  4- 6 || total
-------------------------+-------+-------++-------
Melee: Dagger            |     5 |    35 ||    40
       Bite              |       |     1 ||     1
 Cast: Magic Dart        |    65 |    97 ||   162
       Searing Ray       |       |     3 ||     3
  Use: Scroll            |       |    10 ||    10
 Stab: Sleeping          |       |     2 ||     2
Armor: Robe              |     1 |       ||     1
       Animal skin       |       |     5 ||     5
       Leather armour    |       |    14 ||    14
Dodge: Dodged            |     7 |    33 ||    40

Table legend: (Time is in decaauts)
 A = Elapsed time spent in this place.
 B = Non-inter-level travel time spent in this place.
 C = Inter-level travel time spent in this place.
 D = Time resting spent in this place.
 E = Time spent auto-exploring this place.
 F = Levels seen in this place.
 G = Mean time per level.
                   A        B        C        D        E       F      G
               +--------+--------+--------+--------+--------+-----+--------+
         Total |   4743 |   4598 |    145 |    917 |   3030 |   5 |  948.6 |
       Dungeon |   4734 |   4589 |    145 |    917 |   3030 |   4 | 1183.5 |
       Ossuary |      8 |      8 |      0 |      0 |      0 |   1 |    8.0 |
               +--------+--------+--------+--------+--------+-----+--------+

Top non-repeatable levels by time:
     D:2: 1548 daAuts
     D:1: 1489 daAuts
     D:3: 1391 daAuts
     D:4: 305 daAuts
 Ossuary: 8 daAuts
